[Event "44th Chess Olympiad Open 2022"]
[Site "Chennai"]
[Date "2022.08.03"]
[Round "6.10"]
[White "Ganguly, Surya Shekhar"]
[Black "Stremavicius, Titas"]
[Result "1/2-1/2"]
[WhiteElo "2608"]
[BlackElo "2532"]
[Annotator "TA"]
[PlyCount "94"]
[EventDate "2022.??.??"]
[TimeControl "60"]

1. e4 c5 2. Nf3 Nc6 3. d4 cxd4 4. Nxd4 e5 5. Ne2 Bc5 6. Ng3 {[%emt 0:01:19] B32:
Sicilian: Löwenthal and Kalashnikov Variations.} d6 7. Nc3 {
[%emt 0:04:41] [#]} Qf6 $146 ({
Predecessor:} 7... Nge7 8. a3 Be6 9. Bd3 a6 10. O-O f6 11. Kh1 g5 12. Nh5 Kf7
13. Qf3 Ng8 {1-0 (53) Trujillo Chaverra,F (2016)-Pinzon Pinzon,J (1639)
Risaralda 2021}) 8. Qd2 {[%emt 0:09:17] White is slightly better.} Nge7 9. Nd5 $1 Nxd5 10. exd5 Nd4 11. c3 Nf5 12. Ne4 Qg6 13. h4 (13.
Bb5+ {keeps more tension.} Kf8 14. O-O Bb6 15. Qg5) 13... Ne7 ({Black should play} 13... Ne3 $14 14. Nxd6+ Qxd6 15. Bb5+ (15. fxe3 Qe7 $14)
15... Bd7 16. Bxd7+ Qxd7 17. fxe3 O-O) 14. f3 (14. Qe2 $16 {
Strongly threatening h5.} Qg4 15. Qxg4 Bxg4 16. b4) 14... h5 $1 $14 15. Bb5+ Bd7 16. Bxd7+ Kxd7 17. Qe2 Rhc8 18.
Rh3 (18. Qb5+ Kd8 $11) 18... f6 (18... Nxd5
$2 19. Rg3 Qe6 20. Rxg7 $18 (20. Qb5+ Kc7 $16)) 19. Rg3 Qf7 20. Qb5+ Kc7 $1 21. b4 {
[%emt 0:14:40] 0x0.0019ec5b64d3dp-1022s more active pieces.} (21. Nxc5 $14 dxc5
22. d6+ (22. Qxc5+ Kb8 $11) 22... Kxd6 23. f4 (23. Qxb7 Qd5 $11)) 21... Bb6 22. Qc4+ Kd7 23. Qb5+ Kc7 24. a4 ({White should try
} 24. Qc4+ $11 Kb8 25. Nxd6 Rxc4 26. Nxf7) 24... a6 $1 $15 25.
Qd3 f5 $1 $36 {[%emt 0:03:46] Black fights for an advantage.}
26. a5 Ba7 27. Nc5 dxc5 (27... e4 $2 28. fxe4 $1 fxe4 29. Qxe4 $1 (29. Nxe4 Re8 $14)
29... Bxc5 30. bxc5 (30. Rf3 Qxd5 31. Qxd5 Nxd5 $11) 30... Nxd5 31. cxd6+ Kd7
32. Qd4 Re8+ 33. Kd1 Qf1+ 34. Kc2 Qf5+ 35. Kb3 $16 (35. Kb2 Re4 $16)) 28. d6+ Kd7 $1 29. dxe7+ Kxe7 {[%emt 0:00:02] aiming for ...cxb4.} 30. Bg5+ (30. Be3 $142) 30... Kf8 $17 {[%emt 0:01:00] Hoping for . ..cxb4.} 31. Bh6
{[%emt 0:01:55] [#]} (31. Rd1 $17 Rc6 32. Qd8+ Rxd8 33. Rxd8+ Qe8 34. Rxe8+
Kxe8 35. Be3) 31... Rd8 $1 $19 (31... gxh6 $2 32. Qd6+ Ke8 33.
O-O-O $18) 32. Bxg7+ Qxg7 33. Qxf5+ Qf7 34. Qg5 {[%emt 0:00:04] [#]} (34. Rg5 {keeps
fighting.}) 34... Rd6 $1 {[%emt 0:01:10] And now ...Rad8 would win.} 35. Rd1 Rad8 (35... Rxd1+ $19 36. Kxd1 cxb4 37. Qh6+
Ke8) 36. Qxd8+ $11 ({Wrong is} 36. Rxd6 $2 Rxd6 37. Qc1 Qc4
$19) 36... Rxd8 37. Rxd8+ Ke7 38. Ra8 {[%emt 0:00:09] [#]} cxb4 $1 39. Rxa7 {[%emt 0:00:
06] Endgame KQ-KRR} Kf6 {[%emt 0:00:03] Threatens to win with ...b3.} 40. cxb4
{[%emt 0:00:20] The position is equal.} Qe7 (40... Qc7 $5 41.
Ra8 Qc3+ 42. Kf1 Qxb4 $11) 41. Ra8 Qxb4+ 42.
Kf1 Qxh4 43. Rf8+ Ke7 44. Rfg8 Kd6 45. R3g6+ Kc5 46. Rc8+ Kd5 47. Rb6 Qh1+ {[%emt 0:00:00] And White is the lucky
defender. Weighted Error Value: White=0.14 (very precise) / Black=0.15 (very
precise)} 1/2-1/2

[Event "44th Chess Olympiad Open 2022"]
[Site "Chennai"]
[Date "2022.08.03"]
[Round "6.10"]
[White "Kazakouski, Valery"]
[Black "Puranik, Abhimanyu"]
[Result "0-1"]
[WhiteElo "2528"]
[BlackElo "2612"]
[Annotator "TA"]
[PlyCount "86"]
[EventDate "2022.??.??"]
[TimeControl "60"]

1. Nf3 Nf6 2. c4 c5 3. Nc3 e6 4. g3 b6 5. Bg2 Bb7 6. O-O Be7 7. d4 cxd4 8. Qxd4 d6 9. Bg5 a6 10. Bxf6 Bxf6 11. Qf4 O-O 12.
Rfd1 Be7 13. Ne4 Bxe4 14. Qxe4 Ra7 $1 15. Rac1 {
[%emt 0:12:48][%cal Ya1c1,Yc1c2,Yc2d2] A30: Symmetrical English: Double
Fianchetto and Hedgehog.} Rc7 16. Rc2 Qc8 17. Rdc1 {[%emt 0:03:53] White has an edge.} Rd8 {
[%emt 0:04:50] [#]} 18. b3 $146 ({Predecessor:} 18. Nd4 Bf6
19. e3 Qd7 20. b3 Rdc8 21. Qd3 Qe8 22. Ne2 Be7 23. Nd4 Bf6 {½-½ (23)
Schrittwieser,H (2206)-Steiner,S (2272) Austria 2012}) 18... Nc6 19. Rd2 h6 20. a4 Nb4 21. Rf1 d5 22. cxd5 Nxd5 23. Ne5 Bf6 24. Nc4 b5 {[%emt 0:00:
00] Black converts the advantage convincingly.} 25. axb5 axb5 26. Ne3 Nc3 27. Rxd8+ Qxd8 28. Qc2 (28. Qf3 $17) 28... Ra7 $1 $19 {[%emt 0:01:45] Strongly threatening ...
Ra2.} 29. Ng4 (29. Bf3 $17) 29... Ra2 30.
Nxf6+ Qxf6 31. Qd3 Nxe2+ 32. Kh1 Nd4 33. f4 Ra3 34. Rb1 {[%emt 0:01:21] [#]} g6 $1 35. Bf1 (35. Be4 {keeps fighting.}) 35... Ra2 36. Rd1 e5 (36... Nc6 $142 {White must
now prevent ...Qb2.} 37. Rd2 Rxd2 38. Qxd2 b4) 37. Qe4 Rb2 ({Inferior is} 37... Nxb3 38. Bxb5 exf4 39. Bc4 fxg3 40. hxg3
$17) 38. Bg2 {[%emt 0:00:41] [#]} (38. fxe5 $142 Qf3+ 39. Qxf3 Nxf3 40. Bg2
Nxe5 41. Bd5) 38... Re2 $1 ({Resist} 38... Rxb3 39. fxe5 Qf5
40. Qxd4 $18) 39. fxe5 $2 {[%emt 0:00:49] [#]} (39. Qb7) 39... Qf2 $1 {[%emt 0:
00:17] Black is clearly winning.} 40. Qa8+ (40. Rf1 Qxf1+)
40... Kg7 {[%emt 0:00:43] ( -> ...Re1+)} 41. h3 Re1+ (41... Nf5 $142 42. Kh2 Qxg3+ 43. Kh1 Qe3) 42. Rxe1 Qxe1+ 43. Kh2 Ne2 {[%emt 0:00:10] Weighted
Error Value: White=0.81/Black=0.26 (precise)} 0-1

[Event "44th Chess Olympiad Open 2022"]
[Site "Chennai"]
[Date "2022.08.03"]
[Round "6.10"]
[White "Juksta, Karolis"]
[Black "Sethuraman, S.P..."]
[Result "0-1"]
[WhiteElo "2412"]
[BlackElo "2623"]
[Annotator "TA"]
[PlyCount "84"]
[EventDate "2022.??.??"]
[TimeControl "60"]

1. d4 Nf6 2.
c4 e6 3. Nc3 Bb4 4. a3 Bxc3+ 5. bxc3 c5 6. f3 d6 7. e4 Nc6 8. Ne2 {[%emt 0:00:58] now scores much better
than the old 8.Be3. E24: Nimzo-Indian: Sämisch: Unusual Black 5th moves and 5.
..c5 sidelines.} b6 9. Bg5 h6 10. Bh4 {[%emt 0:00:39] The position is equal.} O-O {[%emt 0:00:07] [#]} 11.
Qc2 $146 ({Predecessor:} 11. Nc1 Ba6 12. Nb3 Rc8 13. Be2 cxd4
14. cxd4 d5 15. cxd5 Bxe2 16. Qxe2 exd5 17. e5 {½-½ (23) Ljubicic,A (2465)
-Fischer,W (2445) ICCF email 2017}) 11... Qe7 12. f4 e5 $1 13. d5 Na5 {[%emt 0:00:29]
Hoping for ...exf4.} 14. f5 Ba6 (14... Nxc4
15. Ng3 Na5 16. Nh5 $14) 15. Bxf6 Qxf6 16. h4 h5 17. Ng3 Qh6 $1 (17... Bxc4 18. Bxc4 Nxc4 19. Qe2 $14) (17... Nxc4 18. Qa4 b5 19. Qxa6
$16) 18. Qf2 g6 (18... Bxc4 $6 19. Bxc4 Nxc4
20. Qe2 $11) 19. Be2 Bxc4 20. O-O b5 21. Kh2 Bxe2 (
21... a6 $17 22. Qe1 Bxe2 23. Qxe2 Nb3) 22. Qxe2 $15 Nc4 23. Rf2 Kh8 (23... a5 $17 24.
Nf1 (24. a4 Ne3 $17) 24... a4) 24. Rg1 (24. Nf1 $15) 24... Qe3
$19 25. Qa2 Rg8 (25... Qxc3
$19 26. Rb1 Qd3) 26. Rf3 Qd2 27. Qb1 Nxa3 (27... Rab8 $19 {aiming for ...a5.} 28.
Qa1 a5) 28. Qf1 (28. Qb3 $11 {keeps the balance.}) 28... Nc4
$17 29. fxg6 Rxg6 {[%emt 0:00:26] And now ...
Rg4 would win.} ({Much worse is} 29... fxg6 $6 30. Rf7 Rg7 31. Rf8+ Rxf8 32.
Qxf8+ Rg8 33. Qf6+ Kh7 34. Nxh5 gxh5 35. Qf7+ Rg7 36. Qf5+ Kh6 37. Qf6+ Kh7 38.
Qf5+ Rg6 39. Qf7+ Kh6 40. Qf8+ Rg7 41. Qf6+ Kh7 42. Qf5+ $11) 30. Rxf7 {
[%emt 0:03:08] [#] Strongly threatening Rf8+.} Rag8 {[%emt 0:00:14] Black is
more active.} (30... Qxc3 $2 31. Rf8+ Rxf8 32. Qxf8+ Kh7 33. Nf5 $18) ({
Black should play} 30... Qh6 $1 $17 {White must now prevent ...Nd2.} 31. Qf5 a5
) 31. Qf3 $2 {[%emt 0:01:34] [#]} (31. Rf5 $1 $11 {and White has nothing to
worry.} R8g7 32. Qf3) 31... Qe3 $1 $40 {[%emt 0:01:05] Threatens to win with ..
.Qxf3. Black has strong attack.} 32. Nxh5 (32. Rf1 $17 {
was called for.}) 32... Qxf3 {[%emt 0:00:38] Chess con chili.} 33. Rxf3 Nd2 34. Rf7 (
34. Rd3 {keeps fighting.} Nxe4 35. Re3) 34... Nxe4 35. Kh3 Rh6 36. Re1 Ng5+ ({Worse is} 36... Rxh5 37. Rxe4 Rh7 38. Rf6 $17) 37. hxg5 Rxh5+ {[%emt 0:00:05] KRR-KRR} 38. Kg3 $2 (38. Kg4 {nothing
else works.} Rgxg5+ 39. Kf3) 38... Rgxg5+ {[%emt 0:00:14] Black is clearly
winning.} 39. Kf3 Rf5+ 40. Rxf5 Rxf5+ 41. Ke3 Rf4 42.
Rb1 a6 {[%emt 0:00:22] Weighted Error Value: White=0.44/
Black=0.16 (very precise)} 0-1

[Event "44th Chess Olympiad Open 2022"]
[Site "Chennai"]
[Date "2022.08.03"]
[Round "6.11"]
[White "Brkic, Ante"]
[Black "Cruz, Cristhian"]
[Result "0-1"]
[WhiteElo "2611"]
[BlackElo "2579"]
[Annotator "TA"]
[PlyCount "96"]
[EventDate "2022.??.??"]
[TimeControl "60"]

1. e4 c6 2. d4 d5 3. e5 c5 4. Nf3 Nc6 5. dxc5 e6 6. Be3 {[%emt 0:06:34] B12: Caro-Kann:
Advance Variation.} Nh6 7. Bxh6 gxh6 8. Bd3 {[%emt 0:00:12] [#]} ({White should try} 8. Bb5 $14)
8... f6 $146 ({Predecessor:} 8... Bg7 9. c3 Nxe5 10. Nxe5 Bxe5
11. f4 Bg7 12. O-O O-O 13. Qc2 f5 14. Nd2 Qc7 {0-1 (30) Leenhouts,K (2398)
-Kroeze,F (2419) Netherlands 2006}) 9. O-O fxe5 10. Bb5 Bg7 11. Bxc6+ bxc6 12. Nxe5 $1 {[%emt 0:00:07] Threatening mate with Qh5+.}
O-O $1 13. f4 Ba6 14. Rf3 {
[%emt 0:00:13] Black must now prevent Qd4.} (14. Nxc6 $2 Qc7 15. Rf3 Qxc6 $19)
14... Qb8 15. Qd4 {[%emt 0:03:59] [#]} (15. Nd2
$11) 15... Rxf4 $3 $17 16. Qxf4 (16. Rxf4 $2
{is the wrong capture.} Bxe5 17. Qe3 (17. Rg4+ $2 Kh8 $19) 17... Qxb2 $19)
16... Qxb2 17. Qg4 ({Wrong is} 17. Rg3 $2 Rf8
18. Rxg7+ Kxg7 19. Qg3+ Kh8 $19) (17. Nxc6 $17 Qxa1 18. Qb4) 17... Qxe5 $19 (17... Qxa1 {gets mated.} 18. Qxe6+ Kh8 19. Nf7+ Kg8 20. Nd8+
Kh8 21. Qe8+) 18. Nc3 Be2 {[%emt 0:01:58] Prevents Rd1.
Really sharp!} (18... Rf8 $19 {...Qd4+ is the strong threat.} 19. Rg3 Rf4) 19.
Nxe2 $11 Qxa1+ 20. Kf2 Qe5
$36 {[%emt 0:00:37] White is under pressure.} 21. c3 Rb8 22. Nf4 (22. Qh4 $1 $15) 22... Rb2+ $19 23. Kg3 {[%emt 0:00:01] [#]} Rxa2 (23... Re2
$1 $19 24. h4 Re1) 24. Qxe6+ $17 Qxe6 25.
Nxe6 $19 {[%emt 0:00:01] Endgame KRB-KRN} Ra3 (25... Ra4 $17 {
aiming for ...a5.} 26. Nd8 Rc4 27. Nxc6 Rxc5 28. Ne7+ Kh8) 26. c4 $2 {[%emt 0:
00:07] White is now going downhill.} ({White should play} 26. Nxg7 $15 Kxg7 27.
Kf4) 26... Rxf3+ 27. Kxf3 {[%emt 0:00:01] Hoping for cxd5.}
dxc4 {[%emt 0:00:09] KB-KN} 28. Nd8 Bf8 29.
Nxc6 Bxc5 30. Ke2 Kf8 31. Kd2 $2 (31. Ne5 Bd6 32. Nxc4 Bxh2 33. Na5)
31... Kf7 32. Kc3 Ke6 {[%emt 0:00:18]
Threatens to win with ...Kd5.} 33. Kxc4 Bg1 34. h3 (34. Kd3 $142 Kd5 35. Ne7+ Ke5 36. Nc6+ Kf4 37. Ke2)
34... Kf5 {[%emt 0:00:36] Strongly threatening ... Kf4.} 35. Kd3 Kf4 36. Ke2 Kg3 37. Kf1 Bb6 38. Ne5 a5 39. Nc4 {[%emt 0:00:02] [#]} a4 $1 {[%emt 0:00:23]
And now ...Bc5 would win.} 40. Na3 h5 41. Nb5 h4 42. Nc3 a3 43. Ne2+ Kh2 44. Nc3 Ba5 45. Na2 Kg3 46. Nc1 Kf4 47. Ke2 Ke4
{[%emt 0:00:34] ( -> ...Kd4)} 48. Na2 Kd4 {[%emt 0:00:31]
Weighted Error Value: White=0.75/Black=0.13 (very precise)} 0-1

[Event "44th Chess Olympiad Open 2022"]
[Site "Chennai"]
[Date "2022.08.03"]
[Round "6.11"]
[White "Bosiocic, Marin"]
[Black "Terry, Renato"]
[Result "1-0"]
[WhiteElo "2549"]
[BlackElo "2502"]
[Annotator "TA"]
[PlyCount "101"]
[EventDate "2022.??.??"]
[TimeControl "60"]

1. Nf3 d5 2. g3 Nf6 3. Bg2 c6 4. O-O Bg4 5. d3 Nbd7 6. h3 Bh5 7. c4 dxc4 {[%emt 0:00:44] A07: Réti Opening: New York and Capablanca Systems.}
8. dxc4 e5 9. Nc3 Be7 {
[%emt 0:02:46] White has an edge. 9...Bc5 is the modern continuation.} 10. Nh4 Bg6 {[%emt 0:04:23] Inhibits Nf5.} 11. Nxg6 hxg6 {[%emt 0:00:06] [#]} 12. Rb1 $5 $146 {[%emt 0:02:34] New and interesting.}
({Predecessor:} 12. Qc2 Qc7 13. Rd1 Nc5 14. Be3 Ne6 15. Na4 O-O 16. a3 Rfd8 17.
b4 Nd4 18. Qb2 {1-0 (47) Meier,G (2628)-Rychagov,A (2549) Chess.com INT 2021})
12... a5 13. a3 Nb6 14. b3 Qd7 15. Be3 Qxd1 16. Rfxd1 Nfd7 17. Ne4 Bxa3 18. c5 Nd5 19. Nd6+ Ke7 20. Bxd5 cxd5 21. Rxd5 {[%emt 0:00:21] And now Rbd1 would win.} Ke6 22. Rbd1 (22. Rdd1 $5 ) 22... Nf6 23. R5d3 $36 {[%emt 0:18:07] Threatens to win with Nb5. Black is under
pressure.} Rxh3 {[%emt 0:00:00] White must now prevent ...e4.} 24. Bg5 {
[%emt 0:01:39] [#]} (24. Nxb7 $11 {keeps the balance.} Rah8 25. g4 (25. Nxa5
Rh1+ 26. Kg2 R8h2+ 27. Kf3 e4+ 28. Kf4 g5+ 29. Kxg5 Rh5+ 30. Kf4 g5#) (25. Nd8+
$2 Kf5 $19) 25... Nxg4 26. c6) 24... e4 $1 $17 25. R3d2 Rah8 (25... Bxc5 $6 26. Bxf6 gxf6 27. Nxe4 $15
) (25... Bb4 $17 26. Bxf6 (26. Rc2 Rah8 $17) 26... Bxd2) 26. Bh4 $11 R8xh4 (26... g5 $5 27. Kg2 gxh4 28. Kxh3 hxg3+ 29.
Kxg3 Nh5+ 30. Kh2 Nf4+ 31. Kg1 (31. Kg3 Nh5+ 32. Kh3 Bxc5 $11) 31... Nh3+ 32.
Kg2 Nf4+ 33. Kg3 Nh5+ 34. Kh3 Bxc5 $11) 27. gxh4 Bxc5 (27... e3 $14 28. fxe3 Bxc5) 28. Nxb7 $16 Bb4 29. Nd8+ Kf5 30. Rc2 e3 {[%emt 0:00:09] [#]} (30... Rxb3 $16 {was worth a try.} 31.
Rc4 (31. Nxf7 a4 $16) 31... Kg4) 31. f3 $1 $18 ({Much less
strong is} 31. Nxf7 $6 exf2+ 32. Kxf2 Rxh4 $14) 31... Rxh4 32.
Nxf7 Nh5 (32... g5 {keeps fighting.} 33. Nd6+
Kg6) 33. Nd6+ Ke6 34. Nc4 Nf4 35. Nxe3 Rh5 36. Ng4 Rb5 37. Rc6+ Ke7 38. Rc7+ Ke6 39. e3 ({
But not} 39. Rxg7 $6 Nxe2+ 40. Kf2 Nf4 $18) 39... Ne2+ (39...
Nh5 40. Rc6+ Ke7 41. Rxg6 Bc3) 40. Kf2 Nc3 41. Rd3 Nd5 42. Rxg7 Ne7 43. f4 Rh5 44. Ne5 Kf6 (44... g5 $142 45. Kf3 Kf5) 45. Rf7+ Ke6 46. Rf8 {[%emt 0:00:00] White is clearly winning.} g5 47. Nf3 (47. Ng4 $142 Nd5 48. f5+ Ke7 49. Ra8 (49. Rxd5 Kxf8 50. Rd7 Rh4 $18)) 47... gxf4 48. Rxf4 Bc5 49. Rh4 Rf5 50. Ke2 {[%emt 0:00:00] Strongly threatening e4.} Kf6 (50... Rd5 $142 51. Rh6+ Kd7 52. Ne5+ Kd8) 51. e4 {[%emt 0:00:
00] Weighted Error Value: White=0.18 (very precise) /Black=0.30} 1-0

[Event "44th Chess Olympiad Open 2022"]
[Site "Chennai"]
[Date "2022.08.03"]
[Round "6.11"]
[White "Cordova, Emilio"]
[Black "Saric, Ivan"]
[Result "1-0"]
[WhiteElo "2549"]
[BlackElo "2680"]
[Annotator "TA"]
[PlyCount "141"]
[EventDate "2022.??.??"]
[TimeControl "60"]

1. Nf3 Nf6 2. g3 d5 3. Bg2 g6 4. d4 Bg7 5. O-O O-O 6. c4 c6 {[%emt 0:00:22] 6...c6 is better
than 6...dxc4.} 7. a4 {[%emt 0:00:46] D78: Fianchetto Grünfeld: 6 0-0 c6.} Be6 8. Nc3 dxc4 9. e4 {[%emt 0:
00:00] Black has an edge.} Na6 10. Qe2 Nb4 11. h3 {[%emt 0:02:11] [#] Against Bg4}
Ne8 $146 ({Predecessor:} 
11... a5 12. Be3 Ne8 13. Rfd1 Nc7 14. Ne5 Qc8 15. Nxc4 Bxc4 16. Qxc4 Nc2 17.
Rac1 Nxe3 18. fxe3 {0-1 (43) Vaishali,R (2393)-Kantor,G (2527) Biel 2021}) 12.
Be3 Qa5 13. Ng5 Bd7 14. f4 Nd3 15. Nf3 Nc7 16. g4 Ne6 17. f5 Nef4 18. Qd2 Nxg2 19. Kxg2 c5 20.
d5 $1 e5 $2 (20... Qb6 $17 {keeps the
pressure on. aiming for ...gxf5.} 21. Rab1 gxf5 22. gxf5 Kh8) 21. Ne1 $16 {
[%emt 0:07:58] Pair of Knights!} Nf4+ 22. Bxf4 exf4 23. Qxf4 f6 (23...
Qb6 $142 24. Ra2 gxf5) 24. Nf3 a6 25. Qd2 ({Better is} 25. h4) 25... Rfe8 (25... Rad8
$16) 26. Nh4 $18 gxf5 27. Nxf5 Bxf5 28. Rxf5 (28. gxf5 $6 Kh8 $16)
28... Rad8 29. Qf2 b5 30.
Qxc5 {[%emt 0:01:20] And now d6 would win.} Rc8 31. Qd4 Qb4 32. Ra2 bxa4 33. Nxa4 Qe1 (33... Qb3 {was necessary.}
34. Nc3 Kh8) 34. Nc3 Re5 (34... Rf8 {was
called for.} 35. d6 Kh8) 35. Rf1 Qh4 36. Qf2
{[%emt 0:00:24] Inhibits f5.} (36. Rxa6 $6 f5 $18) 36... Qg5 37. Qf4 Rb8 38. Qxg5 (38.
Rxa6 Rxb2+ 39. Kg1 Qxf4 40. Rxf4 Bh6 41. Rfxf6 Be3+ 42. Kf1 Bd4 $14) 38... fxg5 39. Re1 Rb6 40. Re2 $36 {
[%emt 0:00:19] Keeping Black busy.} Bf8 $2 (40... Re8 $16 41.
Ra4 Reb8) 41. Ra1 Bd6 42. Rf1 Kg7 43. Rc1 Rb4 44. Nd1 {
[%emt 0:00:00] Ne3 is the strong threat.} Kf7 45. Kf3 (45. Ra1 $1 $18) 45... Bc5 $2 (45... Re8 $16
46. Ne3 Rc8) 46. Rec2 Rb3+ 47. Rc3 {[%emt 0:
00:00] Strongly threatening Rxb3.} Bb4 48. Re3 c3 49. Rc2 Re7 50. Nxc3 Bc5 51. Rd3 Bd6 52. Ke2 a5 53. Rf3+ Kg7 54. Re3 Bf4 {[%emt 0:00:23] [#]} (54... Rb4
$16 55. Kd3 Rb3) 55. Rd3 $1 Bd6 {[%emt 0:00:17] [#]} 56. Rd4
$1 Reb7 57. Ra4 Rxb2 58. Kd3 Rxc2 (58... R2b4 $16
{was worth a try.}) 59. Kxc2 $16 {[%emt 0:00:00] Endgame KRB-KRN} Bb4 60. Na2 Be1 61. e5 {[%emt 0:01:20]
[%cal Ye4e5,Ye5e6] Threatens to win with d6.} Bg3 62. e6 ({Less strong is} 62. Rxa5 Bxe5 63. Kd3 Rb3+ 64. Ke4 Bf4 $14)
62... Rb5 $2 (62... Bc7 63. Nc3 Kf8) 63. Nc3 $18 Rc5 64. Kd3 Be1 65. Rc4 Rxc4 66. Kxc4 {[%emt 0:00:02] KB-KN} Kf6 67. Ne4+ Ke7 68. Nxg5 a4 69. Nxh7 {[%emt 0:01:32] White mates.} a3 70. Kb3 Bb4 71. g5 {[%emt 0:
00:15] Weighted Error Value: White=0.21 (precise) /Black=0.29 (precise)} ({
But not} 71. Kxb4 $2 a2 72. g5 (72. d6+ $2 Kxd6 73. Ng5 a1=Q $19) 72... a1=Q
$19) 1-0

[Event "44th Chess Olympiad Open 2022"]
[Site "Chennai"]
[Date "2022.08.03"]
[Round "6.11"]
[White "Escalante Ramirez, Brian Sebasti"]
[Black "Kozul, Zdenko"]
[Result "1/2-1/2"]
[WhiteElo "2496"]
[BlackElo "2602"]
[Annotator "TA"]
[PlyCount "71"]
[EventDate "2022.??.??"]
[TimeControl "60"]

1. e4 c5 2. Nf3 d6 3. d4 cxd4 4. Qxd4 Nc6 5. Qd3 g6 6. Nc3 {[%emt 0:00:22] B53: Sicilian: 2...d6: Lines with Qxd4.}
Bg7 7. Be2 Nf6 8. Nd5 {[%emt 0:00:11] The position is equal.} Nd7 9. c3 Nc5 10. Qc2 {[%emt 0:00:00] [#]}
Bg4 $146 ({Predecessor:} 10... e6 11. Nf4 O-O 12. O-O b6 13.
Nd3 Nxe4 14. Qa4 d5 15. Qxc6 Bd7 16. Qb7 Bb5 {0-1 (37) Kueppers,M (1996)
-Bausch,T (2221) ICCF email 2003}) 11. O-O Rc8 12. Bg5 h6 13. Bh4 g5 14. Bg3 h5 {
[%emt 0:00:25] [#] ...Bxf3 is the strong threat.} 15. h3 Bxf3 16. Bxf3 h4 17. Bh2 Be5 18. b4 ({White should
play} 18. Be2 $14) 18... Nd7 19. Rad1 e6 20. Ne3 Qc7 (
20... Nd4 {is more complex.} 21. Qa4 Nxf3+ 22. gxf3 Ke7) 21. Qd2 Bxh2+ 22. Kxh2 Nce5 23.
Ng4 Qxc3 24. Qxg5 {[%emt 0:12:50] [#] Hoping
for Rc1.} ({Of course not} 24. Qxd6 Nxg4+ 25. Bxg4 Qe5+ 26. f4 Qxd6 27. Rxd6
gxf4 $15) 24... Nxg4+ 25. hxg4 {[%emt 0:06:01] aiming for Rc1.
} Qe5+ 26. Qxe5 Nxe5 27.
Rxd6 Ke7 28. Rd2 Rc4 29. b5 h3 30. Be2 hxg2+ 31. Kxg2 Rxe4 32. f3 Ra4 33. Rc1 b6 34. Kg3 Rd8 35. Rc7+ Rd7 36. Rd4 $2 {[%emt 0:00:00] Weighted Error
Value: White=0.09 (flawless) /Black=0.05 (flawless) . An unexpected result.}
1/2-1/2

[Event "44th Chess Olympiad Open 2022"]
[Site "Chennai"]
[Date "2022.08.03"]
[Round "6.12"]
[White "Nguyen, Thai Dai Van"]
[Black "Suleymenov, Alisher"]
[Result "1-0"]
[WhiteElo "2629"]
[BlackElo "2467"]
[Annotator "TA"]
[PlyCount "143"]
[EventDate "2022.??.??"]
[TimeControl "60"]

1. Nf3 d5 2. d4 Nf6 3. c4 dxc4 4. e3 e6 5. Bxc4 c5 6. O-O a6 7. b3 Nbd7 8. Bb2 Be7 9. Nbd2 O-O 10. dxc5 $5 {[%emt 0:00:29] Exploring less charted
territory.} Bxc5 11. Bd3 {[%emt 0:04:24] D27: Queen's Gambit
Accepted: Classical main line: 7 e4!? and 7 a4.} Qe7 12. Qc2 {
[%emt 0:28:22] [#]} Ba3 $146 ({Predecessor:} 12... h6 13. a4
b6 14. Ne4 Bb7 15. Nxc5 Nxc5 16. Bc4 Bd5 17. Bxf6 Qxf6 18. Bxd5 exd5 {½-½ 
(29) Erigaisi,A (2626)-Eljanov,P (2680) Sharjah 2021}) 13. Bxa3 {[%emt 0:20:03]
White is slightly better.} Qxa3 14. Nc4 Qe7 15. Rac1 b6 16. Nfe5 Nxe5 17. Nxe5 Bb7 18. Qc7 Qxc7 19. Rxc7 Rab8 20. Rfc1 Nd5 21. Rd7 Nf6 22. Rdc7 {[%emt 0:00:15] 0x0.
0005ebe2a83ddp-1022s more active pieces.} ({Better is} 22. Rd6 $1 $16) 22...
Nd5 $11 23. Rd7 Nf6
$1 {[%emt 0:00:08] Against Be4} 24. Rd6 b5 25. f3 Rfc8 26. Rxc8+ Rxc8 27. e4 Kf8 $1 28. Rb6 Rc7 29. a4 Nd7 30. Nxd7+ Rxd7 {[%emt 0:00:03] Endgame KRB-KRB} 31. Bf1 bxa4 (31... Ke7 $11) 32. bxa4 $16 g5 33. a5 Kg7 34. Kf2 Bc8 (34... Kf6 $142 35. Ke3 (35. Bxa6 Bxa6 36.
Rxa6 Rd2+ 37. Kg3 h5 $16) 35... Rc7) 35. Kg3 Rd2 {[%emt 0:00:
46] [#]} 36. Bxa6 (36. Rc6 $1 $16 Bb7 37. Rb6)
36... Bxa6 $14 37. Rxa6 $16 {[%emt 0:00:03] KR-KR} Ra2 38. Ra8 h6 $2 ({Black should
play} 38... f5 $1 $14) 39. a6 $18 Kf6 40. h4
$2 (40. a7 $18) 40... Kg7 $2 (40... gxh4+ $11
41. Kxh4 Rxg2) 41. h5 Kh7 42. Ra7 Kg7 43. Kh3 Kg8 44.
Kh2 Kg7 45. Kg1 $2 (45. Ra8
$18 {is more deadly.}) 45... Kf6 $16 {[%emt 0:01:19] [#]} 46. Kh2 (46. g3 $142 $1) 46... Kg7 $1 $18 47. Kg3 {[%emt 0:00:06]
Black must now prevent f4.} Kf8 $2 (47... Ra5 {keeps fighting.
} 48. Kf2 Ra3) 48. f4 Ra5 49. e5 (49. Kg4 $18 {has better winning chances.}) 49... Ra3+ $16 50. Kg4 Ra4 51. g3 (51.
Kf3 $16 Rxf4+ 52. Ke3) 51... Kg8 $2 {[%emt 0:00:21] Black is on the road to
losing.} (51... gxf4 $11 52. Ra8+ (52. gxf4 Ra3 $16) 52... Kg7) 52. Kf3 $18 Ra3+ 53. Kg4 Ra4 $1 54. Kh3 Ra5 $2 (54... gxf4 $18 55.
Ra8+ Kg7) 55. fxg5 {[%emt 0:00:01] Intending Ra8+ and mate.} hxg5 56. Ra8+ Kg7 {[%emt 0:00:38] White mates.} 57. a7 Ra4 58. g4 Kh7 59. Kg3 Ra3+ 60. Kf2 Ra5 61. Kf3 Ra4 62. Ke3 Kg7 63. Kd3 Kh7 64. Kc3 Kg7 65. Kb3 Ra1 66. Kb4 Rb1+ 67. Kc5 Ra1 68. Kd6 Kh7 69. Ke7 Kg7 70. h6+ Kh7 71. Kxf7 Ra6 72. Kf6 {
[%emt 0:00:05] Weighted Error Value: White=0.43/Black=0.41} 1-0